AoeStats
← brian_carp11

QS Arena

503522197Analyzed
1v1 RM · 1mo ago on Sep 1, 2026· 36m 8s· 2 players
Game mode
Random Map
Map size
Tiny (2 player)
Population
200
Speed
Normal
Resources
Standard
Victory
Conquest
Starting age
Dark Age
Ending age
Imperial Age
RankedLock teamsTeams togetherTeam positionsShared explorationLock speedFull tech treeHidden civsTurbo modeCheats
Victory
Defeat
🇲🇽 Chinese · Mexico
281
+21
🇦🇷 Khmer · Argentina
382
-21
brian_carp11
2:17 Loom
5:05 Loom
9:14 Feudal Age
13:44 Double-Bit Axe
17:32 Horse Collar
17:50 Gold Mining
25:59 Castle Age
24:16 Stone Mining
24:32 Arson
27:22 Light Cavalry
29:49 Gold Shaft Mining
Jozepelin
1:56 Loom
12:52 Feudal Age
20:56 Castle Age
24:17 Wheelbarrow
23:28 Town Watch
26:02 Town Patrol
26:29 Horse Collar
31:52 Murder Holes
32:18 Ballistics
Connection lost

Rejoining the realm…

Still unreachable

The connection could not be restored.

Session expired

The server has moved on; the page needs a fresh start.